Washington Capitals vs Los Angeles Kings
Created - Wednesday, February 21, 2024 at 07:46
Goals
|
| Washington Capitals |
0 |
2 |
1 |
3 |
| Los Angeles Kings |
1 |
0 |
1 |
2 |
|
Shots
|
| Washington Capitals |
11 |
18 |
9 |
38 |
| Los Angeles Kings |
13 |
14 |
9 |
36 |
|
1st period
1. Los Angeles Kings , Andrei Kuzmenko 6 (Andrei Svechnikov 9, Nicklas Backstrom 5) at 3:35 (PP)
Penalties :
Michael Mcleod (WSH) for Hooking (Minor) at 3:25, Brad Marchand (WSH) for Boarding (Minor) at 13:40, Dylan DeMelo (WSH) for Hooking (Minor) at 18:32
2nd period
2. Washington Capitals , Jason Robertson 1 (Brayden Point 6, Alex Ovechkin 4) at 4:26
3. Washington Capitals , Jordan Kyrou 2 (Nick Foligno 2, John Carlson 2) at 15:01
Penalties :
Owen Power (LAK) for Holding (Minor) at 5:59, Brad Marchand (WSH) for Tripping (Minor) at 9:06, Dylan DeMelo (WSH) for Holding (Minor) at 17:05
3rd period
4. Washington Capitals , Brayden Point 6 (Alex Ovechkin 5) at 17:28
5. Los Angeles Kings , Andrei Svechnikov 3 (Andrei Kuzmenko 6, Noah Dobson 3) at 19:06 (PP)
Penalties :
David Savard (WSH) for Cross-checking (Minor) at 2:10, Alex Ovechkin (WSH) for Tripping (Minor) at 18:50, Andrei Svechnikov (LAK) for Tripping (Minor) at 19:54
Goalie Stats
Jake Oettinger (WSH), 34 saves from 36 shots - (0.944), W, 5-7-0, 60:00 minutes
John Gibson (LAK), 35 saves from 38 shots - (0.921), L, 5-5-1, 60:00 minutes
Players Stats for Washington Capitals
Player Name G A P +/- PIM S H SB GA TA FO MP PP MP PK MP
------------------------------------------------------------------------------------
Alex Ovechkin 0 2 2 2 2 1 2 0 0 0 1/2 17:52 1:04 0:00
Brad Marchand 0 0 0 0 4 4 2 0 1 0 0/2 17:12 0:00 3:49
Brayden Point 1 1 2 2 0 3 2 0 2 2 12/17 18:00 1:04 0:07
David Savard 0 0 0 1 2 2 2 0 0 1 0/0 24:00 1:51 4:55
Dominik Kubalik 0 0 0 0 0 4 1 0 0 0 0/2 13:11 0:00 2:27
Drake Batherson 0 0 0 0 0 2 1 1 0 1 1/1 12:03 1:00 0:00
Dylan DeMelo 0 0 0 0 4 2 0 0 0 0 0/0 15:23 0:00 0:51
Erik Johnson 0 0 0 0 0 0 0 1 0 1 0/0 19:41 0:13 4:58
Ian Cole 0 0 0 2 0 0 2 0 0 0 0/0 21:15 0:00 4:43
Isac Lundestrom 0 0 0 1 0 3 0 0 0 0 6/10 9:42 0:00 3:28
Jason Robertson 1 0 1 2 0 3 1 0 1 0 0/1 17:53 1:04 0:00
John Carlson 0 1 1 1 0 2 0 1 0 0 0/0 19:23 1:51 1:34
Jordan Kyrou 1 0 1 1 0 4 0 0 1 0 0/0 6:14 0:00 0:00
Michael Mcleod 0 0 0 0 2 0 5 1 0 0 13/17 16:28 0:00 5:02
Nick Foligno 0 1 1 1 0 1 1 0 1 0 0/0 11:35 0:00 4:07
Nick Jensen 0 0 0 2 0 4 0 0 0 0 0/0 20:36 0:13 3:41
Nico Hischier 0 0 0 0 0 2 0 0 0 0 9/17 15:45 1:00 1:40
Owen Tippett 0 0 0 0 0 1 2 0 1 0 0/2 13:19 1:00 0:02
Players Stats for Los Angeles Kings
Player Name G A P +/- PIM S H SB GA TA FO MP PP MP PK MP
------------------------------------------------------------------------------------
Alexander Radulov 0 0 0 0 0 4 1 1 3 1 1/2 14:34 1:37 0:00
Alexander Romanov 0 0 0 -1 0 1 0 2 0 0 0/0 24:29 5:56 1:11
Andrei Kuzmenko 1 1 2 -2 0 4 1 0 1 1 0/1 19:04 4:38 1:05
Andrei Svechnikov 1 1 2 -2 2 3 2 0 0 0 0/3 19:04 4:39 1:05
Cole Perfetti 0 0 0 0 0 2 0 0 0 0 7/18 14:02 1:05 0:00
Cooper Marody 0 0 0 0 0 3 0 1 0 1 2/6 9:01 0:33 0:00
Erik Brannstrom 0 0 0 -2 0 2 0 1 0 0 0/0 15:20 0:50 0:39
Joshua Brown 0 0 0 -2 0 0 0 0 0 1 0/0 14:13 0:32 0:00
K'Andre Miller 0 0 0 -1 0 1 2 1 0 0 0/0 24:57 5:56 1:20
Marco Rossi 0 0 0 0 0 0 1 0 0 0 0/0 9:58 1:17 0:00
Nicklas Backstrom 0 1 1 -2 0 3 0 0 0 1 8/20 18:39 4:38 0:59
Noah Dobson 0 1 1 0 0 3 0 0 0 0 0/0 20:50 3:35 0:53
Owen Power 0 0 0 0 2 0 1 1 0 2 0/0 20:29 3:53 0:05
Peyton Krebs 0 0 0 -1 0 1 0 0 0 0 8/18 16:49 4:00 0:00
Ryan Reaves 0 0 0 0 0 2 2 0 0 0 1/1 9:05 0:37 0:00
Seth Jarvis 0 0 0 -1 0 5 2 0 1 0 0/0 17:44 3:59 0:59
Trent Frederic 0 0 0 -1 0 2 0 0 0 0 2/2 16:49 4:00 0:00
Vitali Kravtsov 0 0 0 0 0 0 1 0 0 0 0/0 12:47 0:00 0:00
3 Stars
1 - Brayden Point (WSH)
2 - Jason Robertson (WSH)
3 - Jake Oettinger (WSH)
Power Play
Washington Capitals - 0 on 2 Attempt(s) - 0.00%
Los Angeles Kings - 2 on 7 Attempt(s) - 28.57%
Penalty Kill
Washington Capitals - 5 on 7 Attempt(s) - 71.43%
- Score 0 goal in Penalty Kill
Los Angeles Kings - 2 on 2 Attempt(s) - 100.00%
- Score 0 goal in Penalty Kill
Team Stat
Washington Capitals - Hits : 21 - Faceoff Wins : 42 - Blocked Shots : 4 - Penalty Minutes : 14
Los Angeles Kings - Hits : 13 - Faceoff Wins : 29 - Blocked Shots : 7 - Penalty Minutes : 4
Official
Referees : Jean Hebert and Dennis LaRue
Linesman : Thor Nelson and Shane Heyer
Game Notes
No Game Note
Finance
Level 1 -- Attendance: 4416 (73.60%) -- Ticket Income $441,600
Level 2 -- Attendance: 3649 (72.98%) -- Ticket Income $218,940
Level 3 -- Attendance: 2519 (83.97%) -- Ticket Income $88,165
Level 4 -- Attendance: 3981 (79.62%) -- Ticket Income $99,525
Luxury Box -- Attendance: 702 (70.20%) -- Ticket Income $140,400
Game was played at the Staples Center.
Total Attendance: 15267 (76.34%)
Total Ticket Income: $988,630
Other Income: $346,020
Total Income: $1,334,650
Washington Capitals
5 vs 5 Forward
Center Left Wing Right Wing Time % Phy DF OF
1 Brayden Point Alex Ovechkin Jason Robertson 40 1 1 3
2 Nico Hischier Brad Marchand Owen Tippett 30 1 1 3
3 Michael Mcleod Dominik Kubalik Drake Batherson 20 1 1 3
4 Isac Lundestrom Nick Foligno Jordan Kyrou 10 1 1 3
5 vs 5 Defense
Defense Defense Time % Phy DF OF
1 John Carlson David Savard 35 2 3 0
2 Nick Jensen Ian Cole 35 2 3 0
3 Dylan DeMelo Erik Johnson 30 2 3 0
4 John Carlson David Savard 0 2 3 0
PowerPlay Forward
Center Left Wing Right Wing Time % Phy DF OF
1 Brayden Point Alex Ovechkin Jason Robertson 60 1 2 2
2 Nico Hischier Owen Tippett Drake Batherson 40 1 2 2
PowerPlay Defense
Defense Defense Time % Phy DF OF
1 David Savard John Carlson 60 1 2 2
2 Erik Johnson Nick Jensen 40 1 2 2
Penalty Kill 4 Players Forward
Center Wing Time % Phy DF OF
1 Michael Mcleod Brad Marchand 60 1 2 2
2 Isac Lundestrom Nick Foligno 40 1 2 2
Penalty Kill 4 Players Defense
Defense Defense Time % Phy DF OF
1 David Savard Ian Cole 60 1 2 2
2 Erik Johnson Nick Jensen 40 1 2 2
Penalty Kill - 3 Players Forward
Forward Time % Phy DF OF
1 Michael Mcleod 60 1 2 2
2 Isac Lundestrom 40 1 2 2
Penalty Kill - 3 Players Defense
Defense Defense Time % Phy DF OF
1 David Savard Ian Cole 60 1 2 2
2 Erik Johnson Nick Jensen 40 1 2 2
4 vs 4 Forward
Center Wing Time % Phy DF OF
1 Brayden Point Alex Ovechkin 60 1 2 2
2 Nico Hischier Jason Robertson 40 1 2 2
4 vs 4 Defense
Defense Defense Time % Phy DF OF
1 David Savard John Carlson 60 1 2 2
2 Erik Johnson Nick Jensen 40 1 2 2
Last Minutes Offensive
Center Left Wing Right Wing Defense Defense
Brayden Point Alex Ovechkin Jason Robertson David Savard John Carlson
Last Minutes Defensive
Center Left Wing Right Wing Defense Defense
Nico Hischier Brad Marchand Nick Foligno David Savard Ian Cole
Goaltenders
Starting : Jake Oettinger
Backup : Sergei Bobrovsky
Extra Forwards
Normal : Jordan Kyrou, Drake Batherson, Dominik Kubalik - PP : Owen Tippett, Brayden Point - PK : Dominik Kubalik
Extra Defensemen
Normal : Erik Johnson, David Savard, Ian Cole - PP : David Savard - PK : Erik Johnson, David Savard
Penalty Shots
Jason Robertson, Drake Batherson, Brayden Point, Alex Ovechkin, David Savard
Los Angeles Kings
5 vs 5 Forward
Center Left Wing Right Wing Time % Phy DF OF
1 Nicklas Backstrom Andrei Svechnikov Andrei Kuzmenko 30 1 2 2
2 Peyton Krebs Trent Frederic Seth Jarvis 30 1 2 2
3 Cole Perfetti Vitali Kravtsov Alexander Radulov 25 1 2 2
4 Cooper Marody Marco Rossi Ryan Reaves 15 1 2 2
5 vs 5 Defense
Defense Defense Time % Phy DF OF
1 K'Andre Miller Alexander Romanov 35 1 2 2
2 Noah Dobson Owen Power 35 1 2 2
3 Joshua Brown Erik Brannstrom 30 1 2 2
4 K'Andre Miller Alexander Romanov 0 1 2 2
PowerPlay Forward
Center Left Wing Right Wing Time % Phy DF OF
1 Nicklas Backstrom Andrei Svechnikov Andrei Kuzmenko 50 1 2 2
2 Peyton Krebs Trent Frederic Seth Jarvis 50 1 2 2
PowerPlay Defense
Defense Defense Time % Phy DF OF
1 K'Andre Miller Alexander Romanov 50 1 2 2
2 Noah Dobson Owen Power 50 1 2 2
Penalty Kill 4 Players Forward
Center Wing Time % Phy DF OF
1 Andrei Svechnikov Andrei Kuzmenko 50 1 2 2
2 Nicklas Backstrom Seth Jarvis 50 1 2 2
Penalty Kill 4 Players Defense
Defense Defense Time % Phy DF OF
1 K'Andre Miller Alexander Romanov 50 1 2 2
2 Noah Dobson Owen Power 50 1 2 2
Penalty Kill - 3 Players Forward
Forward Time % Phy DF OF
1 Andrei Svechnikov 50 1 2 2
2 Andrei Kuzmenko 50 1 2 2
Penalty Kill - 3 Players Defense
Defense Defense Time % Phy DF OF
1 K'Andre Miller Alexander Romanov 50 1 2 2
2 Noah Dobson Owen Power 50 1 2 2
4 vs 4 Forward
Center Wing Time % Phy DF OF
1 Andrei Svechnikov Andrei Kuzmenko 50 1 2 2
2 Nicklas Backstrom Seth Jarvis 50 1 2 2
4 vs 4 Defense
Defense Defense Time % Phy DF OF
1 K'Andre Miller Alexander Romanov 50 1 2 2
2 Noah Dobson Owen Power 50 1 2 2
Last Minutes Offensive
Center Left Wing Right Wing Defense Defense
Nicklas Backstrom Andrei Svechnikov Andrei Kuzmenko K'Andre Miller Alexander Romanov
Last Minutes Defensive
Center Left Wing Right Wing Defense Defense
Nicklas Backstrom Andrei Svechnikov Andrei Kuzmenko K'Andre Miller Alexander Romanov
Goaltenders
Starting : John Gibson
Backup : Jonas Johansson
Extra Forwards
Normal : Marco Rossi, Alexander Radulov, Cole Perfetti - PP : Marco Rossi, Alexander Radulov - PK : Cole Perfetti
Extra Defensemen
Normal : Joshua Brown, Erik Brannstrom, Noah Dobson - PP : Joshua Brown - PK : Erik Brannstrom, Noah Dobson
Penalty Shots
Andrei Svechnikov, Andrei Kuzmenko, Nicklas Backstrom, Seth Jarvis, Alexander Radulov
% Time on Ice - Washington Capitals
Lines # - Real PCT - Wanted PCT - Time Play
Normal Forward
1 - 38% - 40% - 17:42
2 - 26% - 30% - 12:07
3 - 23% - 20% - 10:44
4 - 13% - 10% - 6:14
Normal Defense
1 - 37% - 35% - 17:22
2 - 34% - 35% - 15:43
3 - 29% - 30% - 13:42
4 - 0% - 0% - 0:00
PP Forward
1 - 52% - 60% - 1:04
2 - 48% - 40% - 1:00
PP Defense
1 - 90% - 60% - 1:51
2 - 10% - 40% - 0:13
PK Forward
1 - 80% - 60% - 8:16
2 - 20% - 40% - 2:05
PK Defense
1 - 70% - 60% - 7:12
2 - 30% - 40% - 3:09
PK3 Forward
1 - 0% - 60%
2 - 0% - 40%
PK3 Defense
1 - 0% - 60%
2 - 0% - 40%
44 Forward
1 - 0% - 60%
2 - 0% - 40%
44 Defense
1 - 0% - 60%
2 - 0% - 40%
Last Minute Offensive - 0:00
Last Minute Defensive - 0:48
Total
Forward - 60:00
Defense - 60:00
|
% Time on Ice - Los Angeles Kings
Lines # - Real PCT - Wanted PCT - Time Play
Normal Forward
1 - 27% - 30% - 12:33
2 - 28% - 30% - 12:59
3 - 27% - 25% - 12:47
4 - 18% - 15% - 8:28
Normal Defense
1 - 35% - 35% - 16:34
2 - 35% - 35% - 16:32
3 - 29% - 30% - 13:41
4 - 0% - 0% - 0:00
PP Forward
1 - 48% - 50% - 5:00
2 - 52% - 50% - 5:21
PP Defense
1 - 57% - 50% - 5:56
2 - 43% - 50% - 4:25
PK Forward
1 - 52% - 50% - 1:05
2 - 48% - 50% - 0:59
PK Defense
1 - 57% - 50% - 1:11
2 - 43% - 50% - 0:53
PK3 Forward
1 - 0% - 50%
2 - 0% - 50%
PK3 Defense
1 - 0% - 50%
2 - 0% - 50%
44 Forward
1 - 0% - 50%
2 - 0% - 50%
44 Defense
1 - 0% - 50%
2 - 0% - 50%
Last Minute Offensive - 0:48
Last Minute Defensive - 0:00
Total
Forward - 60:00
Defense - 60:00
|
Play-by-Play
1st period
0:01 of 1st period - Brayden Point wins face-off versus Andrei Svechnikov in neutral zone.
0:31 of 1st period - Wrist shot by Trent Frederic.
0:31 of 1st period - Shot Misses the Net.
0:37 of 1st period - Snap shot by Trent Frederic.
0:37 of 1st period - Shot Misses the Net.
0:39 of 1st period - Slapshot by K'Andre Miller.
0:39 of 1st period - Stopped by Jake Oettinger without a rebound.
0:40 of 1st period - Michael Mcleod wins face-off versus Alexander Radulov in Washington Capitals zone.
0:45 of 1st period - Cole Perfetti is hit by Michael Mcleod and loses puck.
1:20 of 1st period - Snap shot by Jordan Kyrou.
1:20 of 1st period - Shot Misses the Net.
2:00 of 1st period - Wrist shot by Owen Tippett.
2:00 of 1st period - Shot Misses the Net.
2:11 of 1st period - Icing by Dylan DeMelo.
2:12 of 1st period - Michael Mcleod wins face-off versus Cole Perfetti in Washington Capitals zone.
2:27 of 1st period - Snap shot by Brayden Point.
2:27 of 1st period - Stopped by John Gibson with a rebound.
2:29 of 1st period - Slapshot by Dylan DeMelo.
2:29 of 1st period - Stopped by John Gibson without a rebound.
2:30 of 1st period - Peyton Krebs wins face-off versus Nico Hischier in Los Angeles Kings zone.
2:37 of 1st period - Slapshot by Seth Jarvis.
2:37 of 1st period - Shot Misses the Net.
2:57 of 1st period - Joshua Brown is hit by Alex Ovechkin and loses puck.
3:25 of 1st period - Minor Penalty to Michael Mcleod for Hooking.
3:26 of 1st period - Nicklas Backstrom wins face-off versus Dominik Kubalik in Washington Capitals zone.
3:35 of 1st period - Snap shot by Andrei Kuzmenko.
3:35 of 1st period - Goal by Andrei Kuzmenko - Washington Capitals : 0 - Los Angeles Kings : 1.
3:36 of 1st period - Nico Hischier wins face-off versus Cooper Marody in neutral zone.
4:28 of 1st period - Snap shot by Dominik Kubalik.
4:28 of 1st period - Stopped by John Gibson without a rebound.
4:29 of 1st period - Michael Mcleod wins face-off versus Cole Perfetti in Los Angeles Kings zone.
4:47 of 1st period - K'Andre Miller is hit by Michael Mcleod and loses puck.
4:52 of 1st period - Snap shot by Dominik Kubalik.
4:52 of 1st period - Shot Misses the Net.
4:57 of 1st period - Icing by Alexander Romanov.
4:58 of 1st period - Nico Hischier wins face-off versus Cole Perfetti in Los Angeles Kings zone.
5:34 of 1st period - Wrist shot by Andrei Kuzmenko.
5:34 of 1st period - Stopped by Jake Oettinger without a rebound.
5:35 of 1st period - Isac Lundestrom wins face-off versus Peyton Krebs in Washington Capitals zone.
6:00 of 1st period - Nicklas Backstrom is hit by Brayden Point and loses puck.
6:07 of 1st period - Snap shot by Andrei Kuzmenko.
6:07 of 1st period - Shot Misses the Net.
6:09 of 1st period - Slapshot by Erik Brannstrom.
6:09 of 1st period - Stopped by Jake Oettinger with a rebound.
6:24 of 1st period - Erik Brannstrom is hit by Alex Ovechkin and loses puck.
6:33 of 1st period - Slapshot by Jason Robertson.
6:33 of 1st period - Shot Blocked by Cooper Marody.
6:35 of 1st period - Slapshot by Nick Jensen.
6:35 of 1st period - Stopped by John Gibson without a rebound.
6:36 of 1st period - Nico Hischier wins face-off versus Peyton Krebs in Los Angeles Kings zone.
6:50 of 1st period - Snap shot by Seth Jarvis.
6:50 of 1st period - Shot Blocked by Erik Johnson.
6:52 of 1st period - Wrist shot by Trent Frederic.
6:52 of 1st period - Stopped by Jake Oettinger with a rebound.
8:31 of 1st period - Snap shot by Andrei Kuzmenko.
8:31 of 1st period - Stopped by Jake Oettinger with a rebound.
8:33 of 1st period - Snap shot by Erik Brannstrom.
8:33 of 1st period - Stopped by Jake Oettinger with a rebound.
8:35 of 1st period - Slapshot by Joshua Brown.
8:35 of 1st period - Shot Misses the Net.
8:47 of 1st period - Wrist shot by Drake Batherson.
8:47 of 1st period - Shot Misses the Net.
8:49 of 1st period - Wrist shot by Dominik Kubalik.
8:49 of 1st period - Stopped by John Gibson with a rebound.
8:51 of 1st period - Slapshot by Michael Mcleod.
8:51 of 1st period - Shot Hit the Post.
8:53 of 1st period - Slapshot by Dylan DeMelo.
8:53 of 1st period - Stopped by John Gibson without a rebound.
8:54 of 1st period - Brayden Point wins face-off versus Peyton Krebs in Los Angeles Kings zone.
9:07 of 1st period - Wrist shot by Brayden Point.
9:07 of 1st period - Shot Misses the Net.
9:09 of 1st period - Slapshot by Jason Robertson.
9:09 of 1st period - Stopped by John Gibson without a rebound.
9:10 of 1st period - Michael Mcleod wins face-off versus Andrei Svechnikov in Los Angeles Kings zone.
9:11 of 1st period - Snap shot by Dominik Kubalik.
9:11 of 1st period - Stopped by John Gibson with a rebound.
9:43 of 1st period - Wrist shot by Peyton Krebs.
9:43 of 1st period - Stopped by Jake Oettinger with a rebound.
9:45 of 1st period - Wrist shot by Alexander Romanov.
9:45 of 1st period - Shot Misses the Net.
10:03 of 1st period - Icing by Noah Dobson.
10:04 of 1st period - Isac Lundestrom wins face-off versus Cole Perfetti in Los Angeles Kings zone.
10:36 of 1st period - Nick Jensen is hit by Andrei Svechnikov and loses puck.
11:22 of 1st period - Snap shot by Alex Ovechkin.
11:22 of 1st period - Shot Misses the Net.
11:24 of 1st period - Slapshot by Nick Jensen.
11:24 of 1st period - Stopped by John Gibson with a rebound.
11:54 of 1st period - Snap shot by Andrei Kuzmenko.
11:54 of 1st period - Stopped by Jake Oettinger with a rebound.
12:49 of 1st period - Wrist shot by Brayden Point.
12:49 of 1st period - Shot Blocked by Owen Power.
12:51 of 1st period - Snap shot by Brayden Point.
12:51 of 1st period - Shot Misses the Net.
12:53 of 1st period - Wrist shot by Nick Jensen.
12:53 of 1st period - Shot Misses the Net.
13:19 of 1st period - Snap shot by Jason Robertson.
13:19 of 1st period - Shot Misses the Net.
13:21 of 1st period - Slapshot by Nick Jensen.
13:21 of 1st period - Stopped by John Gibson without a rebound.
13:22 of 1st period - Peyton Krebs wins face-off versus Nico Hischier in Los Angeles Kings zone.
13:28 of 1st period - Icing by Trent Frederic.
13:29 of 1st period - Peyton Krebs wins face-off versus Nico Hischier in Los Angeles Kings zone.
13:36 of 1st period - Snap shot by Seth Jarvis.
13:36 of 1st period - Stopped by Jake Oettinger without a rebound.
13:37 of 1st period - Peyton Krebs wins face-off versus Owen Tippett in Washington Capitals zone.
13:38 of 1st period - Wrist shot by Seth Jarvis.
13:38 of 1st period - Stopped by Jake Oettinger with a rebound.
13:40 of 1st period - Minor Penalty to Brad Marchand for Boarding.
13:41 of 1st period - Michael Mcleod wins face-off versus Peyton Krebs in Washington Capitals zone.
13:58 of 1st period - Michael Mcleod is hit by K'Andre Miller and loses puck.
14:29 of 1st period - Erik Johnson is hit by Ryan Reaves and loses puck.
15:40 of 1st period - Penalty to Brad Marchand is over, Brad Marchand is back on ice.
15:49 of 1st period - Snap shot by Brad Marchand.
15:49 of 1st period - Deflect By Nico Hischier.
15:49 of 1st period - Shot Misses the Net.
15:49 of 1st period - Puck is out of play.
15:50 of 1st period - Cooper Marody wins face-off versus Nico Hischier in Los Angeles Kings zone.
16:15 of 1st period - Erik Brannstrom is hit by Dominik Kubalik and loses puck.
16:26 of 1st period - Snap shot by Jordan Kyrou.
16:26 of 1st period - Shot Misses the Net.
16:28 of 1st period - Snap shot by Ian Cole.
16:28 of 1st period - Shot Blocked by Erik Brannstrom.
16:30 of 1st period - Wrist shot by Isac Lundestrom.
16:30 of 1st period - Stopped by John Gibson with a rebound.
16:57 of 1st period - Vitali Kravtsov is hit by Michael Mcleod.
17:09 of 1st period - Noah Dobson is hit by Brayden Point and loses puck.
17:16 of 1st period - David Savard is hit by Andrei Svechnikov and loses puck.
17:45 of 1st period - Slapshot by Nicklas Backstrom.
17:45 of 1st period - Stopped by Jake Oettinger without a rebound.
17:46 of 1st period - Cole Perfetti wins face-off versus Owen Tippett in Washington Capitals zone.
18:30 of 1st period - Snap shot by Ryan Reaves.
18:30 of 1st period - Stopped by Jake Oettinger with a rebound.
18:32 of 1st period - Minor Penalty to Dylan DeMelo for Hooking.
18:33 of 1st period - Michael Mcleod wins face-off versus Nicklas Backstrom in Washington Capitals zone.
Goals for this period are 0 for Washington Capitals vs 1 for Los Angeles Kings.
Shots for this period are 11 for Washington Capitals vs 13 for Los Angeles Kings.
2nd period
0:01 of 2nd period - Michael Mcleod wins face-off versus Nicklas Backstrom in neutral zone.
0:15 of 2nd period - Off-side.
0:16 of 2nd period - Peyton Krebs wins face-off versus Michael Mcleod in neutral zone.
0:21 of 2nd period - Wrist shot by Trent Frederic.
0:21 of 2nd period - Deflect By Peyton Krebs.
0:21 of 2nd period - Shot Blocked by Michael Mcleod.
0:21 of 2nd period - Puck is out of play.
0:22 of 2nd period - Trent Frederic wins face-off versus Brad Marchand in Washington Capitals zone.
0:32 of 2nd period - Penalty to Dylan DeMelo is over, Dylan DeMelo is back on ice.
0:35 of 2nd period - Snap shot by Peyton Krebs.
0:35 of 2nd period - Shot Misses the Net.
0:44 of 2nd period - Icing by Michael Mcleod.
0:45 of 2nd period - Cole Perfetti wins face-off versus Brayden Point in Washington Capitals zone.
0:58 of 2nd period - Snap shot by Cole Perfetti.
0:58 of 2nd period - Stopped by Jake Oettinger without a rebound.
0:59 of 2nd period - Nico Hischier wins face-off versus Peyton Krebs in Washington Capitals zone.
1:26 of 2nd period - Dominik Kubalik is hit by K'Andre Miller and loses puck.
1:53 of 2nd period - Wrist shot by Isac Lundestrom.
1:53 of 2nd period - Stopped by John Gibson without a rebound.
1:54 of 2nd period - Nico Hischier wins face-off versus Peyton Krebs in Los Angeles Kings zone.
1:57 of 2nd period - Wrist shot by Owen Tippett.
1:57 of 2nd period - Shot Misses the Net.
1:59 of 2nd period - Wrist shot by Brad Marchand.
1:59 of 2nd period - Stopped by John Gibson without a rebound.
2:00 of 2nd period - Trent Frederic wins face-off versus Nico Hischier in Los Angeles Kings zone.
2:00 of 2nd period - Trent Frederic is hit by Brad Marchand.
3:15 of 2nd period - Wrist shot by Dominik Kubalik.
3:15 of 2nd period - Deflect By Drake Batherson.
3:15 of 2nd period - Stopped by John Gibson with a rebound.
3:19 of 2nd period - Wrist shot by Michael Mcleod.
3:19 of 2nd period - Deflect By Drake Batherson.
3:19 of 2nd period - Stopped by John Gibson with a rebound.
3:31 of 2nd period - Snap shot by Trent Frederic.
3:31 of 2nd period - Stopped by Jake Oettinger with a rebound.
3:33 of 2nd period - Slapshot by Seth Jarvis.
3:33 of 2nd period - Stopped by Jake Oettinger with a rebound.
3:39 of 2nd period - Slapshot by Seth Jarvis.
3:39 of 2nd period - Stopped by Jake Oettinger with a rebound.
3:41 of 2nd period - Slapshot by Alexander Romanov.
3:41 of 2nd period - Shot Blocked by John Carlson.
3:55 of 2nd period - Wrist shot by Jordan Kyrou.
3:55 of 2nd period - Deflect By Jason Robertson.
3:55 of 2nd period - Shot Misses the Net.
3:55 of 2nd period - Puck is out of play.
3:56 of 2nd period - Cole Perfetti wins face-off versus Brayden Point in Los Angeles Kings zone.
4:24 of 2nd period - Wrist shot by Brayden Point.
4:24 of 2nd period - Stopped by John Gibson with a rebound.
4:26 of 2nd period - Wrist shot by Jason Robertson.
4:26 of 2nd period - Goal by Jason Robertson - Washington Capitals : 1 - Los Angeles Kings : 1.
4:27 of 2nd period - Nico Hischier wins face-off versus Peyton Krebs in neutral zone.
4:35 of 2nd period - Slapshot by John Carlson.
4:35 of 2nd period - Stopped by John Gibson with a rebound.
4:37 of 2nd period - Snap shot by Owen Tippett.
4:37 of 2nd period - Shot Blocked by K'Andre Miller.
4:41 of 2nd period - Wrist shot by Owen Tippett.
4:41 of 2nd period - Shot Blocked by Alexander Romanov.
4:43 of 2nd period - Slapshot by John Carlson.
4:43 of 2nd period - Stopped by John Gibson without a rebound.
4:44 of 2nd period - Drake Batherson wins face-off versus Cole Perfetti in Los Angeles Kings zone.
4:45 of 2nd period - Snap shot by Dominik Kubalik.
4:45 of 2nd period - Shot Misses the Net.
5:09 of 2nd period - Wrist shot by Brad Marchand.
5:09 of 2nd period - Stopped by John Gibson without a rebound.
5:10 of 2nd period - Nico Hischier wins face-off versus Peyton Krebs in Los Angeles Kings zone.
5:26 of 2nd period - Off-side.
5:27 of 2nd period - Cole Perfetti wins face-off versus Brayden Point in neutral zone.
5:32 of 2nd period - Slapshot by Cole Perfetti.
5:32 of 2nd period - Stopped by Jake Oettinger without a rebound.
5:33 of 2nd period - Cole Perfetti wins face-off versus Jason Robertson in Washington Capitals zone.
5:40 of 2nd period - Slapshot by Noah Dobson.
5:40 of 2nd period - Stopped by Jake Oettinger with a rebound.
5:42 of 2nd period - Slapshot by Noah Dobson.
5:42 of 2nd period - Stopped by Jake Oettinger with a rebound.
5:44 of 2nd period - Wrist shot by Noah Dobson.
5:44 of 2nd period - Deflect By Brayden Point.
5:44 of 2nd period - Stopped by Jake Oettinger with a rebound.
5:59 of 2nd period - Minor Penalty to Owen Power for Holding.
6:00 of 2nd period - Brayden Point wins face-off versus Andrei Svechnikov in Los Angeles Kings zone.
6:34 of 2nd period - Icing by Nico Hischier.
6:35 of 2nd period - Nico Hischier wins face-off versus Nicklas Backstrom in Washington Capitals zone.
6:42 of 2nd period - Snap shot by Owen Tippett.
6:42 of 2nd period - Stopped by John Gibson with a rebound.
7:10 of 2nd period - Wrist shot by Seth Jarvis.
7:10 of 2nd period - Stopped by Jake Oettinger with a rebound.
7:59 of 2nd period - Penalty to Owen Power is over, Owen Power is back on ice.
8:02 of 2nd period - Nick Jensen is hit by Andrei Kuzmenko and loses puck.
8:13 of 2nd period - Snap shot by Andrei Svechnikov.
8:13 of 2nd period - Shot Blocked by Drake Batherson.
8:15 of 2nd period - Snap shot by Andrei Kuzmenko.
8:15 of 2nd period - Shot Misses the Net.
8:17 of 2nd period - Slapshot by K'Andre Miller.
8:17 of 2nd period - Deflect By Andrei Svechnikov.
8:17 of 2nd period - Shot Misses the Net.
8:17 of 2nd period - Puck is out of play.
8:18 of 2nd period - Cooper Marody wins face-off versus Isac Lundestrom in Washington Capitals zone.
8:23 of 2nd period - Wrist shot by Ryan Reaves.
8:23 of 2nd period - Stopped by Jake Oettinger without a rebound.
8:24 of 2nd period - Ryan Reaves wins face-off versus Isac Lundestrom in Washington Capitals zone.
8:27 of 2nd period - Snap shot by Cooper Marody.
8:27 of 2nd period - Stopped by Jake Oettinger without a rebound.
8:28 of 2nd period - Isac Lundestrom wins face-off versus Cooper Marody in Washington Capitals zone.
8:51 of 2nd period - Snap shot by Cooper Marody.
8:51 of 2nd period - Stopped by Jake Oettinger with a rebound.
8:53 of 2nd period - Slapshot by Joshua Brown.
8:53 of 2nd period - Deflect By Marco Rossi.
8:53 of 2nd period - Shot Misses the Net.
8:53 of 2nd period - Puck is out of play.
8:54 of 2nd period - Peyton Krebs wins face-off versus Nico Hischier in Washington Capitals zone.
9:06 of 2nd period - Minor Penalty to Brad Marchand for Tripping.
9:07 of 2nd period - Michael Mcleod wins face-off versus Nicklas Backstrom in Washington Capitals zone.
9:23 of 2nd period - Wrist shot by Nicklas Backstrom.
9:23 of 2nd period - Stopped by Jake Oettinger without a rebound.
9:24 of 2nd period - Michael Mcleod wins face-off versus Peyton Krebs in Washington Capitals zone.
11:06 of 2nd period - Penalty to Brad Marchand is over, Brad Marchand is back on ice.
11:06 of 2nd period - Michael Mcleod is hit by Seth Jarvis and loses puck.
11:27 of 2nd period - Slapshot by Cooper Marody.
11:27 of 2nd period - Stopped by Jake Oettinger without a rebound.
11:28 of 2nd period - Brayden Point wins face-off versus Cole Perfetti in Washington Capitals zone.
11:35 of 2nd period - Jason Robertson is hit by Alexander Radulov and loses puck.
11:44 of 2nd period - Slapshot by Jason Robertson.
11:44 of 2nd period - Shot Misses the Net.
12:15 of 2nd period - Wrist shot by Andrei Svechnikov.
12:15 of 2nd period - Deflect By Nicklas Backstrom.
12:15 of 2nd period - Shot Misses the Net.
12:15 of 2nd period - Puck is out of play.
12:16 of 2nd period - Nicklas Backstrom wins face-off versus Michael Mcleod in Washington Capitals zone.
12:21 of 2nd period - Backhand shot by Andrei Kuzmenko.
12:21 of 2nd period - Shot Misses the Net.
14:57 of 2nd period - Snap shot by John Carlson.
14:57 of 2nd period - Deflect By Jordan Kyrou.
14:57 of 2nd period - Stopped by John Gibson with a rebound.
14:59 of 2nd period - Wrist shot by Nick Foligno.
14:59 of 2nd period - Stopped by John Gibson with a rebound.
15:01 of 2nd period - Snap shot by Jordan Kyrou.
15:01 of 2nd period - Goal by Jordan Kyrou - Washington Capitals : 2 - Los Angeles Kings : 1.
15:02 of 2nd period - Peyton Krebs wins face-off versus Brayden Point in neutral zone.
15:13 of 2nd period - Snap shot by Jason Robertson.
15:13 of 2nd period - Stopped by John Gibson without a rebound.
15:14 of 2nd period - Peyton Krebs wins face-off versus Alex Ovechkin in Los Angeles Kings zone.
15:39 of 2nd period - Noah Dobson is hit by Owen Tippett and loses puck.
16:24 of 2nd period - Wrist shot by Jordan Kyrou.
16:24 of 2nd period - Stopped by John Gibson without a rebound.
16:25 of 2nd period - Isac Lundestrom wins face-off versus Cooper Marody in Los Angeles Kings zone.
16:41 of 2nd period - Cooper Marody is hit by Nick Foligno and loses puck.
16:46 of 2nd period - Wrist shot by Jordan Kyrou.
16:46 of 2nd period - Stopped by John Gibson without a rebound.
16:47 of 2nd period - Brayden Point wins face-off versus Peyton Krebs in Los Angeles Kings zone.
17:05 of 2nd period - Minor Penalty to Dylan DeMelo for Holding.
17:06 of 2nd period - Nicklas Backstrom wins face-off versus Brad Marchand in Washington Capitals zone.
18:14 of 2nd period - Icing by K'Andre Miller.
18:15 of 2nd period - Isac Lundestrom wins face-off versus Nicklas Backstrom in Los Angeles Kings zone.
18:43 of 2nd period - Icing by Trent Frederic.
18:44 of 2nd period - Isac Lundestrom wins face-off versus Nicklas Backstrom in Los Angeles Kings zone.
19:05 of 2nd period - Penalty to Dylan DeMelo is over, Dylan DeMelo is back on ice.
19:11 of 2nd period - Slapshot by Noah Dobson.
19:11 of 2nd period - Deflect By Seth Jarvis.
19:11 of 2nd period - Shot Misses the Net.
19:11 of 2nd period - Puck is out of play.
19:12 of 2nd period - Brayden Point wins face-off versus Cole Perfetti in Washington Capitals zone.
19:44 of 2nd period - Snap shot by Nico Hischier.
19:44 of 2nd period - Stopped by John Gibson with a rebound.
19:46 of 2nd period - Wrist shot by Brad Marchand.
19:46 of 2nd period - Stopped by John Gibson with a rebound.
Goals for this period are 2 for Washington Capitals vs 0 for Los Angeles Kings.
Shots for this period are 18 for Washington Capitals vs 14 for Los Angeles Kings.
3rd period
0:01 of 3rd period - Brayden Point wins face-off versus Nicklas Backstrom in neutral zone.
0:27 of 3rd period - Alexander Radulov is hit by Owen Tippett and loses puck.
0:54 of 3rd period - Seth Jarvis is hit by Michael Mcleod and loses puck.
2:10 of 3rd period - Minor Penalty to David Savard for Cross-checking.
2:11 of 3rd period - Nicklas Backstrom wins face-off versus Isac Lundestrom in Washington Capitals zone.
2:43 of 3rd period - K'Andre Miller is hit by Ian Cole and loses puck.
2:56 of 3rd period - Alexander Radulov is hit by Ian Cole and loses puck.
3:22 of 3rd period - Nico Hischier is hit by Owen Power and loses puck.
4:10 of 3rd period - Penalty to David Savard is over, David Savard is back on ice.
6:07 of 3rd period - Wrist shot by Jordan Kyrou.
6:07 of 3rd period - Shot Misses the Net.
6:09 of 3rd period - Slapshot by Erik Johnson.
6:09 of 3rd period - Shot Blocked by Alexander Romanov.
6:31 of 3rd period - Ryan Reaves is hit by Jason Robertson and loses puck.
6:55 of 3rd period - Joshua Brown is hit by Brad Marchand.
6:59 of 3rd period - Brad Marchand is hit by Seth Jarvis and loses puck.
7:27 of 3rd period - Dominik Kubalik is hit by Vitali Kravtsov and loses puck.
7:44 of 3rd period - Wrist shot by Alex Ovechkin.
7:44 of 3rd period - Stopped by John Gibson without a rebound.
7:45 of 3rd period - Alex Ovechkin wins face-off versus Andrei Kuzmenko in Los Angeles Kings zone.
8:20 of 3rd period - Snap shot by Brad Marchand.
8:20 of 3rd period - Shot Misses the Net.
8:22 of 3rd period - Slapshot by Nick Jensen.
8:22 of 3rd period - Stopped by John Gibson with a rebound.
8:56 of 3rd period - Wrist shot by Isac Lundestrom.
8:56 of 3rd period - Stopped by John Gibson without a rebound.
8:57 of 3rd period - Nicklas Backstrom wins face-off versus Isac Lundestrom in Los Angeles Kings zone.
9:22 of 3rd period - Wrist shot by Alexander Radulov.
9:22 of 3rd period - Stopped by Jake Oettinger without a rebound.
9:23 of 3rd period - Brayden Point wins face-off versus Cole Perfetti in Washington Capitals zone.
9:49 of 3rd period - Joshua Brown is hit by David Savard and loses puck.
10:02 of 3rd period - Backhand shot by Alex Ovechkin.
10:02 of 3rd period - Shot Blocked by Alexander Radulov.
10:04 of 3rd period - Slapshot by John Carlson.
10:04 of 3rd period - Shot Misses the Net.
10:06 of 3rd period - Slapshot by David Savard.
10:06 of 3rd period - Stopped by John Gibson without a rebound.
10:07 of 3rd period - Nicklas Backstrom wins face-off versus Nico Hischier in Los Angeles Kings zone.
10:33 of 3rd period - K'Andre Miller is hit by Michael Mcleod and loses puck.
11:22 of 3rd period - Wrist shot by Andrei Svechnikov.
11:22 of 3rd period - Stopped by Jake Oettinger with a rebound.
12:04 of 3rd period - Snap shot by Alexander Radulov.
12:04 of 3rd period - Stopped by Jake Oettinger without a rebound.
12:05 of 3rd period - Brayden Point wins face-off versus Nicklas Backstrom in Washington Capitals zone.
13:50 of 3rd period - Slapshot by Nicklas Backstrom.
13:50 of 3rd period - Deflect By Brad Marchand.
13:50 of 3rd period - Stopped by Jake Oettinger with a rebound.
14:27 of 3rd period - Snap shot by Brad Marchand.
14:27 of 3rd period - Stopped by John Gibson without a rebound.
14:28 of 3rd period - Nicklas Backstrom wins face-off versus Brayden Point in Los Angeles Kings zone.
15:01 of 3rd period - Wrist shot by Dominik Kubalik.
15:01 of 3rd period - Shot Misses the Net.
15:03 of 3rd period - Wrist shot by Dominik Kubalik.
15:03 of 3rd period - Stopped by John Gibson without a rebound.
15:04 of 3rd period - Alexander Radulov wins face-off versus Michael Mcleod in Los Angeles Kings zone.
15:04 of 3rd period - Alexander Radulov is hit by David Savard.
16:01 of 3rd period - Wrist shot by Andrei Svechnikov.
16:01 of 3rd period - Stopped by Jake Oettinger without a rebound.
16:02 of 3rd period - Michael Mcleod wins face-off versus Cole Perfetti in Washington Capitals zone.
16:12 of 3rd period - Off-side.
16:13 of 3rd period - Cole Perfetti wins face-off versus Michael Mcleod in neutral zone.
16:28 of 3rd period - Snap shot by Alexander Radulov.
16:28 of 3rd period - Stopped by Jake Oettinger without a rebound.
16:29 of 3rd period - Brayden Point wins face-off versus Cooper Marody in Washington Capitals zone.
16:29 of 3rd period - Brayden Point is hit by Marco Rossi.
16:47 of 3rd period - Off-side.
16:48 of 3rd period - Michael Mcleod wins face-off versus Cole Perfetti in neutral zone.
16:51 of 3rd period - Erik Brannstrom is hit by Drake Batherson and loses puck.
17:22 of 3rd period - Off-side.
17:23 of 3rd period - Brayden Point wins face-off versus Nicklas Backstrom in neutral zone.
17:28 of 3rd period - Snap shot by Brayden Point.
17:28 of 3rd period - Goal by Brayden Point - Washington Capitals : 3 - Los Angeles Kings : 1.
17:29 of 3rd period - Michael Mcleod wins face-off versus Cole Perfetti in neutral zone.
18:05 of 3rd period - Slapshot by Alexander Romanov.
18:05 of 3rd period - Stopped by Jake Oettinger without a rebound.
18:06 of 3rd period - Cole Perfetti wins face-off versus Dominik Kubalik in Washington Capitals zone.
18:15 of 3rd period - Snap shot by Alexander Radulov.
18:15 of 3rd period - Stopped by Jake Oettinger with a rebound.
18:33 of 3rd period - Alex Ovechkin is hit by Ryan Reaves and loses puck.
18:50 of 3rd period - Minor Penalty to Alex Ovechkin for Tripping.
18:51 of 3rd period - Michael Mcleod wins face-off versus Nicklas Backstrom in Washington Capitals zone.
19:04 of 3rd period - Snap shot by Andrei Kuzmenko.
19:04 of 3rd period - Shot Misses the Net.
19:06 of 3rd period - Snap shot by Andrei Svechnikov.
19:06 of 3rd period - Goal by Andrei Svechnikov - Washington Capitals : 3 - Los Angeles Kings : 2.
19:07 of 3rd period - Nicklas Backstrom wins face-off versus Nico Hischier in neutral zone.
19:45 of 3rd period - Snap shot by Nico Hischier.
19:45 of 3rd period - Stopped by John Gibson with a rebound.
19:47 of 3rd period - Snap shot by Brad Marchand.
19:47 of 3rd period - Shot Misses the Net.
19:49 of 3rd period - Snap shot by David Savard.
19:49 of 3rd period - Stopped by John Gibson without a rebound.
19:50 of 3rd period - Benoit Groulx call a timeout for Los Angeles Kings.
19:50 of 3rd period - Nico Hischier wins face-off versus Nicklas Backstrom in Los Angeles Kings zone.
19:54 of 3rd period - Minor Penalty to Andrei Svechnikov for Tripping.
19:55 of 3rd period - Brayden Point wins face-off versus Nicklas Backstrom in Los Angeles Kings zone.
Goals for this period are 1 for Washington Capitals vs 1 for Los Angeles Kings.
Shots for this period are 9 for Washington Capitals vs 9 for Los Angeles Kings.
Back to the Top